 Dungeon Crawl Stone Soup version 0.22-a0-274-gf8199ec (webtiles) character file.

670 neds the Archer (level 7, -11/46 HPs)
             Began as a Centaur Arcane Marksman on Mar 14, 2018.
             Was a Follower of Hepliaklqana.
             Mangled by Crazy Yiuf
             ... wielding a +3 quarterstaff of chaos
              (15 damage)
             ... on level 5 of the Dungeon.
             The game lasted 00:30:04 (6527 turns).

neds the Archer (Centaur Arcane Marksman)           Turns: 6527, Time: 00:30:04

Health: -11/46     AC:  8    Str: 13    XL:     7   Next: 32%
Magic:  7/8        EV:  8    Int: 12    God:    Hepliaklqana [*.....]
Gold:   209        SH:  0    Dex: 11    Spells: 7/8 levels left

rFire    . . .     SeeInvis +   g - +0 club
rCold    . . .     Gourm    .   (no shield)
rNeg     + . .     Faith    .   x - +2 ring mail {MR+}
rPois    .         Spirit   .   (no helmet)
rElec    .         Reflect  .   o - +0 cloak
rCorr    .         Harm     .   (no gloves)
MR       +....                  (no barding)
Stlth    ..........             (no amulet)
HPRegen  0.15/turn              h - ring of see invisible
MPRegen  0.11/turn              t - ring of positive energy

@: lethally poisoned (-11 -> -20), about to teleport, very slightly
contaminated, invisible, very quick
A: large, reduced essence, hooves 3, deformed body, speed 2, tough skin 3
a: Recall Ancestor, Ancestor Identity, Renounce Religion


You were on level 5 of the Dungeon.
You worshipped Hepliaklqana.
Hepliaklqana was aware of your devotion.
You were near starving.

You visited 1 branch of the dungeon, and saw 5 of its levels.
You also visited: Sewer.

You collected 209 gold pieces.

Inventory:

Hand Weapons
 a - a +0 shortbow
 g - a +0 club (weapon)
 i - a +0 halberd
Missiles
 d - 39 arrows
Armour
 e - a +0 robe
 o - a +0 cloak (worn)
 x - a +2 ring mail of magic resistance (worn)
Jewellery
 h - a ring of see invisible (left hand)
 l - an uncursed amulet of faith
 q - an uncursed ring of teleportation
 t - a ring of positive energy (right hand)
Wands
 k - a wand of digging (17)
 v - a wand of polymorph (5)
Scrolls
 b - a scroll of enchant weapon
 j - 4 scrolls of teleportation
 m - a scroll of amnesia {unknown}
 n - 3 scrolls of blinking {unknown}
 s - a scroll of random uselessness {unknown}
 u - a scroll of remove curse
 y - 2 scrolls of enchant armour {unknown}
 A - a scroll of identify
 B - a scroll of magic mapping {unknown}
 C - a scroll of immolation {unknown}
Potions
 c - 3 potions of agility
 p - a potion of ambrosia {unknown}
 r - a potion of mutation {unknown}
 w - a potion of degeneration {unknown}
 z - a potion of curing {unknown}
 D - 3 potions of haste
Comestibles
 f - 9 rations


   Skills:
 - Level 1.0 Fighting
 + Level 10.7 Bows
 - Level 1.3 Dodging
 - Level 1.0 Spellcasting
 - Level 2.6 Hexes


You had 7 spell levels left.
You knew the following spells:

 Your Spells              Type           Power        Failure   Level  Hunger
a - Corona                Hex            #......      22%         1    ##.....


Dungeon Overview and Level Annotations

Branches:
Dungeon (5/15)
 Temple: D:4-7

Altars:
Dithmenos
Gozag
Hepliaklqana

Annotations:
D:5 Crazy Yiuf


Innate Abilities, Weirdness & Mutations

You have hooves in place of feet.
Armour fits poorly on your strangely shaped body.
You cover ground very quickly.
You have extremely tough skin. (AC +3)
Your life essence is reduced to manifest your ancestor. (-10% HP)


Message History

You hit Crazy Yiuf.
Crazy Yiuf is severely wounded.
You feel sick.
Crazy Yiuf hits you with a quarterstaff of chaos!
Crazy Yiuf draws strength from your wounds!
Yadidatum hits Crazy Yiuf.
Crazy Yiuf hits you with a quarterstaff of chaos!
* * * LOW HITPOINT WARNING * * *
You feel strangely unstable.
* * * LOW HITPOINT WARNING * * *
You feel sick.
Yadidatum barely misses Crazy Yiuf.
* * * LOW HITPOINT WARNING * * *
You feel sick.
Yadidatum closely misses Crazy Yiuf.
* * * LOW HITPOINT WARNING * * *
You feel sick.
* * * LOW HITPOINT WARNING * * *
You feel sick.
Crazy Yiuf grits, "Goldfish!"
Crazy Yiuf hits you with a quarterstaff of chaos!
You die...

..........#
#...#
########..#
#...# #..##
#'## #...#
#R.## #.###
##..## #.#
#.#.# #.#
##.#.#
######.###
##g###.#
..........#
##@..# #.#
#########.#
#....# #.#
#.# #+..+#
##
#.####....#
#........##
#####...##
#####


You could see Crazy Yiuf.

Vanquished Creatures
  2 phantoms (D:4)
  A howler monkey (D:4)
  Natasha (thrice) (D:2)
  An iguana (D:3)
  2 worker ants
  Robin (D:3)
  An adder (D:4)
  3 gnolls (D:3)
  A river rat (D:5)
  2 shadow imps
  3 worms
  A dart slug (D:2)
  3 leopard geckos
  2 orcs
  5 bats
  5 giant cockroaches
  13 goblins
  7 hobgoblins
  A jackal (D:4)
  A quokka (D:4)
  2 ball pythons
  11 frilled lizards
  3 kobolds
  9 rats
83 creatures vanquished.

Vanquished Creatures (collateral kills)
  2 bullfrogs (Sewer)
  3 adders
  A ball python (Sewer)
  A jackal (D:4)
  4 frilled lizards (Sewer)
11 creatures vanquished.

Grand Total: 94 creatures vanquished

Notes
Turn   | Place    | Note
-------+----------+-------------------------------------------
     0 | D:1      | neds the Centaur Arcane Marksman began the quest for the Orb.
     0 | D:1      | Reached XP level 1. HP: 16/16 MP: 2/2
    64 | D:1      | Reached skill level 3 in Bows
   470 | D:1      | Reached XP level 2. HP: 14/23 MP: 3/3
   867 | D:2      | Found an opulent altar of Gozag.
   876 | D:2      | Found a shadowy altar of Dithmenos.
   937 | D:2      | Reached skill level 4 in Bows
   965 | D:2      | Noticed Natasha
   976 | D:2      | Killed Natasha
   976 | D:2      | Reached skill level 5 in Bows
   976 | D:2      | Reached XP level 3. HP: 5/28 MP: 4/4
  1029 | D:2      | Noticed Natasha
  1313 | D:2      | Killed Natasha
  1483 | D:2      | Noticed Natasha
  1486 | D:2      | Killed Natasha
  1486 | D:2      | Reached skill level 6 in Bows
  1486 | D:2      | Reached XP level 4. HP: 35/35 MP: 5/5
  2298 | D:3      | Reached XP level 5. HP: 34/40 MP: 6/6
  2316 | D:3      | Reached skill level 7 in Bows
  2496 | D:3      | Noticed Robin
  3062 | D:3      | Killed Robin
  4060 | D:3      | Reached skill level 8 in Bows
  4368 | D:4      | Reached XP level 6. HP: 47/47 MP: 7/7
  4674 | D:4      | Reached skill level 9 in Bows
  4683 | D:4      | Found a hazy altar of Hepliaklqana.
  4759 | D:4      | Became a worshipper of Hepliaklqana the Forgotten
  5267 | D:5      | Entered Level 5 of the Dungeon
  5364 | D:5      | Found a glowing drain.
  5393 | D:5      | Reached skill level 10 in Bows
  5475 | D:5      | Reached XP level 7. HP: 46/46 MP: 8/8
  5490 | Sewer    | Entered a sewer
  6441 | D:5      | Reached * piety under Hepliaklqana
  6508 | D:5      | Found a runed door.
  6513 | D:5      | Noticed Crazy Yiuf
  6527 | D:5      | Mangled by Crazy Yiuf

Vault maps used:
D:1:      scummos_arrival_hexagon, serial_bayou_lake_a
D:2:      nicolae_dithmenos_through_a_glass_darkly, lemuel_crystal_altar,
          uniq_natasha
D:3:      amethyst_killhole, uniq_robin
D:4:      old_standard_altar, first_ration, grunt_ministairs_6,
          kennysheep_generic_room_11
D:5:      minmay_temple_entry_enclosed_plants, portal_sewer_entry_a,
          glass_columns_c, palyth_stone_intersect,
          minmay_misc_feat_more_columns, uniq_crazy_yiuf_cottage
Sewer:    sewer_frog_island_01

Skill      XL: |  1  2  3  4  5  6 |
---------------+-------------------+-----
Bows           | 3 5 6 8 10 | 10.7
Fighting       | |  1.0
Dodging        | |  1.3
Spellcasting   | |  1.0
Hexes          | |  2.6

Action                   |  1- 3 |  4- 6 |  7- 9 || total
-------------------------+-------+-------+-------++-------
Melee: Club              |       |   105 |    38 ||   143
       Kick              |       |    10 |     6 ||    16
 Fire: Shortbow          |    63 |   189 |    10 ||   262
Invok: Recall Ancestor   |       |       |     3 ||     3
       Ancestor Identity |       |       |     1 ||     1
  Use: Scroll            |     1 |     4 |     1 ||     6
  Eat: Chunk             |     1 |     6 |     2 ||     9
       Ration            |       |     1 |       ||     1
Armor: Robe              |    14 |    58 |    17 ||    89
       Skin              |       |     1 |       ||     1
       Ring mail         |       |       |     3 ||     3
Dodge: Dodged            |    19 |    79 |    28 ||   126

Table legend:
 A = Spawn XP
 B = Non-spawn XP
 C = Spawn XP percentage of total XP
 D = Spawn monster count
 E = Non-spawn monster count
 F = Spawn count percentage of total count
 G = Total turns spent on level
                    A         B        C        D         E        F      G
               +---------+---------+-------+---------+---------+-------+---------
         Total |       0 |     958 |   0.0 |       0 |      94 |   0.0 |  6527
               +---------+---------+-------+---------+---------+-------+---------
           D:1 |       0 |      13 |   0.0 |       0 |       7 |   0.0 |   767
           D:2 |       0 |     139 |   0.0 |       0 |      21 |   0.0 |  1544
           D:3 |       0 |     175 |   0.0 |       0 |      29 |   0.0 |  1972
           D:4 |       0 |     373 |   0.0 |       0 |      11 |   0.0 |   984
           D:5 |       0 |      37 |   0.0 |       0 |       7 |   0.0 |   457
         Sewer |       0 |     221 |   0.0 |       0 |      19 |   0.0 |   803
               +---------+---------+-------+---------+---------+-------+---------
